 Dungeon Sprint DCSS version 0.30.1-9-gdf580d7c3d (webtiles) character file.

Game seed: 8658504084804002606

1271 Heoruswealwe the Phalangite (level 8, -1/64 HPs)
             Began as a Minotaur Fighter on Sept 27, 2023.
             Was an Initiate of Gozag.
             Slain by a troll (7 damage)
             ... in the Dungeon (Sprint IX: "|||||||||||||||||||||||||||||").
             The game lasted 00:04:02 (187 turns).

Heoruswealwe the Phalangite (Minotaur Fighter)       Turns: 187, Time: 00:04:03

Health: -1/64      AC: 13    Str: 23    XL:     8   Next: 28%
Magic:  7/7        EV:  6    Int:  5    God:    Gozag
Gold:   0          SH:  0    Dex: 10    Spells: 7/7 levels left

rFire   . . .        b - +2 halberd (venom)
rCold   . . .        (shield currently unavailable)
rNeg    . . .        c - +0 plate armour
rPois   .            (helmet restricted)
rElec   .            (no cloak)
rCorr   .            f - +0 pair of gloves
SInv    .            e - +0 pair of boots
Will    .....        (no amulet) Stlth
                     (no ring)
HPRegen 0.30/turn    (no ring)
MPRegen 0.10/turn

%: no teleportation
@: gold aura, slowed, very slow
A: horns 2, retaliatory headbutt
a: Renounce Religion, Potion Petition, Call Merchant, Bribe Branch


You were in the Dungeon.
You worshipped Gozag.
Gozag was noncommittal.
You visited 1 branch

Inventory:

Hand Weapons
 a - a +0 trident
 b - a +2 halberd of venom (weapon)
Armour
 c - a +0 plate armour (worn)
 d - a +0 buckler
 e - a +0 pair of boots (worn)
 f - a +0 pair of gloves (worn)
Wands
 h - a wand of quicksilver (10)
Scrolls
 j - 2 scrolls of blinking
Potions
 g - a potion of haste
 i - a potion of berserk rage
 k - a potion of might
 l - a potion of curing


   Skills:
 - Level 3.6 Fighting
 + Level 21.0 Polearms
 - Level 3.6 Armour
 - Level 3.6 Shields


You had 7 spell levels left.
You didn't know any spells.
Your spell library was empty.

Dungeon Overview and Level Annotations

Branches:
Dungeon (1/1)

Altars:
Cheibriados
Dithmenos
Elyvilon
Fedhas
Gozag
Hepliaklqana
Kikubaaqudgha
Makhleb
Nemelex Xobeh
Okawaru
Qazlal
Ru
Sif Muna
Trog
Uskayaw
Vehumet
Wu Jian
Xom
Yredelemnul
Zin
The Shining One
Jiyva
Lugonu


Innate Abilities, Weirdness & Mutations

You have a pair of horns on your head.
You reflexively headbutt those who attack you in melee.


Message History

You feel as though you will be slow longer.
The hornet stings you but does no damage.
You feel better. The hornet stings you.
You feel as though you will be slow longer.
The hornet stings you but does no damage.
You hit the hornet but do no damage. Your headbutt misses the hornet.
The hornet is almost dead.
The hornet stings you.
* * * LOW HITPOINT WARNING * * *
You feel as though you will be slow longer.
The hornet stings you.
* * * LOW HITPOINT WARNING * * *
You feel as though you will be slow longer.
You closely miss the hornet.
The hornet is almost dead.
You kill the hornet!
Your Polearms skill increases to level 20!
You have reached level 8!
You feel agile.
You feel much better. The troll bites you but does no damage.
The troll claws you. The troll closely misses you. The troll bites you!
The troll claws you!
* * * LOW HITPOINT WARNING * * *
The troll claws you but does no damage.
You slash the troll!
The troll looks as sick as possible!
The troll is moderately wounded.
The troll bites you!
* * * LOW HITPOINT WARNING * * *
The troll barely misses you. The troll claws you but does no damage.
You slice the troll!!
You kill the troll!
Your Polearms skill increases to level 21!
You impale the troll!!
The troll is poisoned.
The troll is heavily wounded.
The troll bites you but does no damage.
The troll claws you but does no damage. x2
You closely miss the troll. You headbutt the troll!
The troll is almost dead.
The troll bites you!
You die...
Your body crumbles into a pile of gold. ▓▓▓▓▓▓▓▓▓▓▓▓▓▓▓▓▓▓▓▓▓▓▓▓ +.....T@...=..)?!'______ ▓▓▓▓▓▓▓▓▓▓▓▓▓▓▓▓▓▓▓▓▓▓▓▓ $ $ $$$$$ $ $ $ $$$$$ $$$$$

You could see a troll (very poisoned).

Vanquished Creatures
  A two-headed ogre (D)
  A troll (D)
  A hornet (D)
  A steam dragon (D)
  2 scorpions (D)
  2 iguanas (D)
  An adder (D)
  2 kobolds (D)
  2 ball pythons (D)
  A frilled lizard (D)
14 creatures vanquished.

Notes
Turn   | Place    | Note
-------+----------+-------------------------------------------
     0 | D        | Heoruswealwe the Minotaur Fighter began the quest for the
                  | Orb.
     0 | D        | Reached XP level 1. HP: 19/19 MP: 0/0
     6 | D        | Reached skill level 3 in Polearms
    11 | D        | Reached skill level 4 in Polearms
    25 | D        | Noticed a scorpion
    25 | D        | Noticed an iguana
    25 | D        | Noticed a scorpion
    25 | D        | Noticed an iguana
    27 | D        | Reached skill level 6 in Polearms
    27 | D        | Reached XP level 2. HP: 26/26 MP: 1/1
    29 | D        | Reached skill level 8 in Polearms
    29 | D        | Reached XP level 3. HP: 27/31 MP: 2/2
    37 | D        | Killed a scorpion
    38 | D        | Reached skill level 10 in Polearms
    38 | D        | Reached XP level 4. HP: 34/39 MP: 3/3
    41 | D        | Reached skill level 11 in Polearms
    47 | D        | Killed a scorpion
    48 | D        | Reached skill level 13 in Polearms
    48 | D        | Reached XP level 5. HP: 21/45 MP: 4/4
    54 | D        | Found a snail-covered altar of Cheibriados.
    54 | D        | Found a shadowy altar of Dithmenos.
    54 | D        | Found a white marble altar of Elyvilon.
    54 | D        | Found a blossoming altar of Fedhas.
    54 | D        | Found an opulent altar of Gozag.
    55 | D        | Found a hazy altar of Hepliaklqana.
    56 | D        | Found a viscous altar of Jiyva.
    57 | D        | Found an ancient bone altar of Kikubaaqudgha.
    58 | D        | Found a corrupted altar of Lugonu.
    59 | D        | Found a burning altar of Makhleb.
    60 | D        | Found a sparkling altar of Nemelex Xobeh.
    61 | D        | Found an iron altar of Okawaru.
    62 | D        | Became a worshipper of Gozag Ym Sagoz the Greedy
    63 | D        | Found a stormy altar of Qazlal.
    64 | D        | Found a sacrificial altar of Ru.
    65 | D        | Found a shimmering blue altar of Sif Muna.
    66 | D        | Found a bloodstained altar of Trog.
    67 | D        | Found a hide-covered altar of Uskayaw.
    68 | D        | Found a radiant altar of Vehumet.
    69 | D        | Found an ornate altar of the Wu Jian Council.
    70 | D        | Found a shimmering altar of Xom.
    71 | D        | Found a basalt altar of Yredelemnul.
    72 | D        | Found a glowing silver altar of Zin.
    73 | D        | Found a glowing golden altar of the Shining One.
   153 | D        | Noticed a troll
   153 | D        | Noticed a troll
   153 | D        | Noticed a hornet
   153 | D        | Noticed a steam dragon
   153 | D        | Noticed a two-headed ogre
   155 | D        | Killed a two-headed ogre
   156 | D        | Reached skill level 19 in Polearms
   156 | D        | Reached XP level 6. HP: 28/51 MP: 5/5
   156 | D        | Reached XP level 7. HP: 31/57 MP: 6/6
   167 | D        | Killed a steam dragon
   171 | D        | Paralysed by a hornet for 1 turns
   182 | D        | Killed a hornet
   183 | D        | Reached skill level 20 in Polearms
   183 | D        | Reached XP level 8. HP: 17/64 MP: 7/7
   185 | D        | Killed a troll
   186 | D        | Reached skill level 21 in Polearms
   187 | D        | Slain by a troll

Illustrated notes

Levels and vault maps discovered:
D:        linesprint [early_d, line_temple, items_1, d_10, items_2, lair_1,
          lair_end, items_3, orc_1, orc_end, items_4, d_15, swamp_1, shoals_1,
          snake_1, spider_1, d_20, vaults_1, items_5, swamp_end, shoals_end,
          snake_end, spider_end, vaults_end, d_27, items_6, zot_1, zot_end,
          crypt_end, forest_end, elf_end, slime_end, tomb_end, abyss_end,
          pan_hell_end]

Skill      XL: |  1  2  3  4  5  6  7  8 |
---------------+-------------------------+-----
Polearms       | 6 8 10 13 19 20 21 | 21.0
Fighting       | |  3.6
Armour         | |  3.6
Shields        | |  3.6

Action                     |  1- 3 |  4- 6 |  7- 9 || total
---------------------------+-------+-------+-------++-------
  Melee: Trident           |    21 |    10 |       ||    31
         Headbutt          |     3 |     2 |     3 ||     8
         Halberd           |       |     2 |    23 ||    25
    Use: Potion            |       |       |     7 ||     7
 Armour: Scale mail        |     5 |       |       ||     5
         Plate armour      |       |       |    23 ||    23
  Dodge: Dodged            |     5 |     4 |    12 ||    21
  Block: Buckler           |     5 |       |       ||     5
